AoeStats
← HoosierHysteria

Arena

510936567Analyzed
1v1 RM · 9h ago on Oct 3, 2026· 35m 0s· 2 players
Game mode
Random Map
Map size
Tiny (2 player)
Population
200
Speed
Normal
Resources
Standard
Victory
Conquest
Starting age
Dark Age
Ending age
Imperial Age
RankedLock teamsTeams togetherTeam positionsShared explorationLock speedFull tech treeHidden civsTurbo modeCheats
Victory
Defeat
🇺🇸 Japanese · United States
947
+17
🇦🇷 Bulgarians · Argentina
972
-17
HoosierHysteria
10:56 Feudal Age
11:55 Loom
15:05 Castle Age
13:39 Double-Bit Axe
17:17 Horse Collar
29:45 Imperial Age
27:54 Forging
28:51 Heavy Plow
32:09 Fletching
32:20 Padded Archer Armor
32:32 Scale Mail Armor
33:40 Bodkin Arrow
MichaelScofield
10:20 Feudal Age
11:04 Double-Bit Axe
12:17 Forging
12:19 Horse Collar
13:18 Loom
17:05 Castle Age
16:09 Scale Mail Armor
17:18 Fletching
17:22 Stone Mining
28:29 Heavy Plow
29:59 Wheelbarrow
29:10 Town Watch
33:07 Imperial Age
Connection lost

Rejoining the realm…

Still unreachable

The connection could not be restored.

Session expired

The server has moved on; the page needs a fresh start.